 Dungeon Crawl Stone Soup version 0.22.1-1-ga44c0e5 (webtiles) character file.

37 marthius the Digger (level 3, -6/25 HPs)
             Began as a Barachi Earth Elementalist on Oct 19, 2018.
             Mangled by a water moccasin (8 damage)
             ... on level 2 of the Dungeon.
             The game lasted 00:11:02 (1162 turns).

marthius the Digger (Barachi Earth Elementalist)    Turns: 1162, Time: 00:11:03

Health: -6/25      AC:  4    Str: 10    XL:     3   Next: 41%
Magic:  6/6        EV: 13    Int: 15    God:
Gold:   95         SH:  0    Dex: 12    Spells: 5/6 levels left

rFire    . . .     SeeInvis .   g - +0 hunting sling
rCold    . . .     Gourm    .   (no shield)
rNeg     . . .     Faith    .   c - +0 robe
rPois    .         Spirit   .   n - +0 helmet
rElec    .         Reflect  .   (no cloak)
rCorr    .         Harm     .   l - +0 pair of gloves
MR       .....                  (no boots)
Stlth    ++........             (no amulet)
HPRegen  0.08/turn              (no ring)
MPRegen  0.10/turn              (no ring)

@: lethally poisoned (-6 -> -18), can't hop, slow
A: +LOS, swims, slowness 1, strong legs 1
a: Hop


You were on level 2 of the Dungeon.
You were not hungry.

You visited 1 branch of the dungeon, and saw 2 of its levels.

You collected 95 gold pieces.

Inventory:

Hand Weapons
 g - a +0 hunting sling (weapon)
 j - a +0 dagger
Missiles
 b - 69 stones
 e - 5 sling bullets (quivered)
 o - 2 throwing nets
 q - 30 bolts
Armour
 a - a cursed +0 chain mail
 c - a +0 robe (worn)
 l - a +0 pair of gloves (worn)
 n - a +0 helmet (worn)
Scrolls
 f - a scroll of remove curse {unknown}
 i - 2 scrolls of identify {unknown}
 p - 2 scrolls of enchant armour {unknown}
Potions
 h - a potion of cancellation {unknown}
 k - a potion of curing {unknown}
 m - a potion of heal wounds {unknown}
 r - a potion of berserk rage {unknown}
Comestibles
 d - 5 rations


   Skills:
 + Level 0.4 Fighting
 + Level 1.6 Slings
 + Level 0.2(1.0) Throwing
 + Level 2.7 Dodging
 + Level 2.0 Stealth
 + Level 2.1 Spellcasting
   Level 1.1 Transmutations
 + Level 3.3 Earth Magic


You had 5 spell levels left.
You knew the following spells:

 Your Spells              Type           Power        Failure   Level  Hunger
a - Sandblast             Erth           ##....       5%          1    #......

Your spell library contained the following spells:

 Spells                   Type           Power        Failure   Level  Hunger
 Passwall                 Tmut/Erth      #.......     13%         2    ###....
 Stone Arrow              Conj/Erth      #.....       32%         3    ###....
 Petrify                  Tmut/Erth      #.......     65%         4    #####..
 Lee's Rapid Deconstruct  Erth           ##........   83%         5    ######.


Dungeon Overview and Level Annotations

Branches:
Dungeon (2/15)

Altars:


Innate Abilities, Weirdness & Mutations

Shadows flee at your approach. (+LOS)
You can swim through water.
You cover ground slowly.
You can hop short distances.


Message History

Aim: a water moccasin You shoot a sling bullet.
The sling bullet hits the water moccasin but does no damage.
Firing (i - inventory. (/) - cycle)
e - 7 sling bullets (quivered)
Press: ? - help, Shift-Dir - straight line, f/p - water moccasin
Aim: a water moccasin You shoot a sling bullet.
The sling bullet misses the water moccasin.
The water moccasin bites you.
* * * LOW HITPOINT WARNING * * *
You are lethally poisoned!
The water moccasin poisons you!
Firing (i - inventory. (/) - cycle)
e - 6 sling bullets (quivered)
Press: ? - help, Shift-Dir - straight line, f/p - water moccasin
Aim: a water moccasin You shoot a sling bullet.
The sling bullet barely misses the water moccasin.
* * * LOW HITPOINT WARNING * * *
You feel sick. The water moccasin bites you!
You die...

.........##.......###...
#.%..##.......# #...
#.##(#####....# #.##
#.##(# ###..# #.# #..(.#
#..# #.#
#....#######..###.#
#...............#.#
######..S.########..##.#
........@..............#
######....#########.##.#
#....# #..#.# #....#
##.#.# .....## ...#
........ #..# ........#
..# ........# #..#
.#.###### #..#


You could see a water moccasin.

Vanquished Creatures
  An adder (D:2)
  An adder skeleton (D:2)
  3 dart slugs (D:1)
  A ball python (D:1)
  A bat (D:1)
  A goblin (D:1)
  2 hobgoblins
  A quokka (D:2)
  3 frilled lizards
  5 kobolds
  2 rats
21 creatures vanquished.

Notes
Turn   | Place    | Note
-------+----------+-------------------------------------------
     0 | D:1      | marthius the Barachi Earth Elementalist began the quest for
                  | the Orb.
     0 | D:1      | Reached XP level 1. HP: 13/13 MP: 3/3
   394 | D:1      | Reached XP level 2. HP: 19/19 MP: 5/5
   769 | D:1      | Reached skill level 1 in Slings
  1024 | D:2      | Reached XP level 3. HP: 20/25 MP: 6/6
  1153 | D:2      | Noticed a water moccasin
  1162 | D:2      | Mangled by a water moccasin

Skill      XL: |  1  2 |
---------------+-------+-----
Stealth        | 2 |  2.0
Slings         | 1 |  1.6
Fighting       | |  0.4
Throwing       | |  0.2
Dodging        | |  2.7
Spellcasting   | |  2.1
Transmutations | |  1.1
Earth Magic    | |  3.3

Action                   || total
-------------------------++-------
Melee: Unarmed           ||     4
       Dagger            ||     6
 Fire: Hunting sling     ||    62
Throw: Stone             ||    10
 Abil: Hop               ||     6
  Eat: Chunk             ||     1
Armor: Robe              ||    13
Dodge: Dodged            ||    27
